 Dungeon Sprint DCSS version 0.24.1-14-gf8d2b509d9 (webtiles) character file.

Game seed: 3686045912277528472, levelgen mode: deterministic

1449 Baz the Thaumaturge (level 8, -2/57 HPs)
             Began as a Green Draconian Air Elementalist on Oct 29, 2020.
             Was a Priest of Vehumet.
             Slain by a tengu warrior
             ... wielding a +0 war axe
              (7 damage)
             ... in the Dungeon (Sprint IX: "|||||||||||||||||||||||||||||").
             The game lasted 00:04:36 (1280 turns).

Baz the Thaumaturge (DrAE)                          Turns: 1280, Time: 00:04:36

Health: -2/57      AC:  8    Str: 17    XL:     8   Next: 47%
Magic:  5/23       EV: 12    Int: 22    God:    Vehumet [***...]
Gold:   0          SH:  0    Dex: 11    Spells: 12/29 levels left

rFire    . . .     SeeInvis .   l - +2 rapier of Orhaata {flame, rN++ MR- Str+4}
rCold    . . .     Gourm    .   (no shield)
rNeg     + + .     Faith    .   (armour unavailable)
rPois    +         Spirit   .   (helmet restricted)
rElec    .         Reflect  .   p - +0 cloak
rCorr    .         Harm     .   (no gloves)
MR       .....     NoTele   +   o - +0 pair of boots
Stlth    ++........             (no amulet)
HPRegen  0.19/turn              m - +3 ring of intelligence
MPRegen  0.18/turn              n - +3 ring of strength

@: no status effects
A: breathe noxious fumes, unfitting armour, poison resistance, cold-blooded, AC
+6
a: Breathe Noxious Fumes, Renounce Religion


You were in the Dungeon.
You worshipped Vehumet.
Vehumet was most pleased with you.
You were near starving.

You visited 1 branch

Inventory:

Hand Weapons
 a - a +0 dagger
 l - the +2 rapier of Orhaata (weapon) {flame, rN++ MR- Str+4}
   (You found it in the Dungeon)

   It has been specially enchanted to burn those struck by it, causing extra
   injury to most foes and up to half again as much damage against particularly
   susceptible opponents.
   It affects your strength (+4).
   It greatly protects you from negative energy.
   It affects your resistance to hostile enchantments.
Armour
 o - a +0 pair of boots (worn)
 p - a +0 cloak (worn)
Magical Staves
 q - an uncursed staff of energy
Jewellery
 m - a +3 ring of intelligence (left hand)
 n - a +3 ring of strength (right hand)
Wands
 k - a wand of acid (10)
Scrolls
 g - 3 scrolls of remove curse
 h - 2 scrolls of blinking
 j - 2 scrolls of amnesia
Potions
 c - 5 potions of curing
 d - a potion of heal wounds
 e - a potion of haste
 f - 3 potions of magic
 i - a potion of invisibility
Comestibles
 b - a ration


   Skills:
 - Level 1.7 Dodging
 - Level 1.7 Stealth
 * Level 11.3 Spellcasting
 * Level 10.7 Conjurations
 + Level 4.0 Fire Magic
 - Level 9.4 Air Magic


You had 12 spell levels left.
You knew the following spells:

 Your Spells              Type           Power        Failure   Level  Hunger
a - Shock                 Conj/Air       ####         1%          1    None
b - Static Discharge      Conj/Air       ######..     1%          3    None
c - Swiftness             Chrm/Air       ####....     1%          2    None
d - Lightning Bolt        Conj/Air       ######....   1%          5    ####...
e - Airstrike             Air            ######....   1%          4    #......
f - Throw Flame           Conj/Fire      #####.       1%          2    None

Your spell library contained the following spells:

 Spells                   Type           Power        Failure   Level  Hunger
 Mephitic Cloud           Conj/Pois/Air  #####...     1%          3    None


Dungeon Overview and Level Annotations

Branches:
Dungeon (1/1)

Altars:
Cheibriados
Dithmenos
Elyvilon
Fedhas
Gozag
Hepliaklqana
Kikubaaqudgha
Makhleb
Nemelex Xobeh
Okawaru
Qazlal
Ru
Sif Muna
Trog
Uskayaw
Vehumet
Wu Jian
Xom
Yredelemnul
Zin
The Shining One
Beogh
Jiyva
Lugonu


Innate Abilities, Weirdness & Mutations

You can breathe blasts of noxious fumes.
Your lurid green scales are hard. (AC +6)
You cannot fit into any form of body armour.
Your system is resistant to poisons. (rPois)
You are cold-blooded and may be slowed by cold attacks.


Message History

You hear a mighty clap of thunder!
The bolt of lightning misses the tengu warrior.
You are near starving!
The tengu warrior hits you with a +0 war axe.
* * * LOW HITPOINT WARNING * * *
The tengu warrior pecks you.
* * * LOW HITPOINT WARNING * * *
The tengu warrior misses you.
Unknown command.
Unknown command.
Unknown command.
Casting: Lightning Bolt (safe; 1% risk of failure)
Confirm with . or Enter, or press ? or * to list all spells.
Aiming: Lightning Bolt (safe; 1% risk of failure)
Press: ? - help, Shift-Dir - straight line, f/p - tengu warrior
Aim: a tengu warrior, wielding a +0 war axe, wearing a +0 ring mail and wearing a +1 buckler of protection (severely wounded)
You hear a mighty clap of thunder!
The bolt of lightning misses the tengu warrior.
The tengu warrior misses you. The tengu warrior pecks you!
You die... ▓▓▓▓▓▓▓▓▓▓▓▓▓▓▓▓▓▓▓▓▓▓▓▓▓ _'...)..)..'....@Q').†... ▓▓▓▓▓▓▓▓▓▓▓▓▓▓▓▓▓▓▓▓▓▓▓▓▓

You could see a tengu warrior.

Vanquished Creatures
  An ugly thing (D)
  4 hippogriffs (D)
  An eye of draining (shapeshifter) (D)
  A centaur (D)
  A bullfrog (D)
  A quasit (D)
  A jelly (D)
  An orc priest (D)
  A worker ant (D)
  A leopard gecko (D)
  2 orcs (D)
  A giant cockroach (D)
  2 goblins (D)
  A jackal skeleton (D)
  2 kobolds (D)
21 creatures vanquished.

Notes
Turn   | Place    | Note
-------+----------+-------------------------------------------
     0 | D        | Baz the Draconian Air Elementalist began the quest for the
                  | Orb.
     0 | D        | Reached XP level 1. HP: 14/14 MP: 3/3
   334 | D        | Noticed a jelly
   334 | D        | Noticed a centaur
   335 | D        | Reached XP level 2. HP: 20/20 MP: 3/5
   340 | D        | Reached skill level 3 in Spellcasting
   340 | D        | Reached XP level 3. HP: 26/26 MP: 0/8
   345 | D        | Killed a centaur
   345 | D        | Reached skill level 5 in Spellcasting
   345 | D        | Reached skill level 5 in Conjurations
   345 | D        | Reached XP level 4. HP: 18/33 MP: 0/11
   528 | D        | Found a roughly hewn altar of Beogh.
   528 | D        | Found a snail-covered altar of Cheibriados.
   528 | D        | Found a shadowy altar of Dithmenos.
   528 | D        | Found a white marble altar of Elyvilon.
   528 | D        | Found a blossoming altar of Fedhas.
   528 | D        | Found an opulent altar of Gozag.
   529 | D        | Found a hazy altar of Hepliaklqana.
   530 | D        | Found a viscous altar of Jiyva.
   531 | D        | Found an ancient bone altar of Kikubaaqudgha.
   532 | D        | Found a corrupted altar of Lugonu.
   533 | D        | Found a burning altar of Makhleb.
   534 | D        | Found a sparkling altar of Nemelex Xobeh.
   535 | D        | Found an iron altar of Okawaru.
   536 | D        | Found a stormy altar of Qazlal.
   537 | D        | Found a sacrificial altar of Ru.
   538 | D        | Found a shimmering blue altar of Sif Muna.
   539 | D        | Found a bloodstained altar of Trog.
   540 | D        | Found a hide-covered altar of Uskayaw.
   541 | D        | Found a radiant altar of Vehumet.
   542 | D        | Found an ornate altar of the Wu Jian Council.
   543 | D        | Found a shimmering altar of Xom.
   544 | D        | Found a basalt altar of Yredelemnul.
   545 | D        | Found a glowing silver altar of Zin.
   546 | D        | Found a glowing golden altar of the Shining One.
   557 | D        | Became a worshipper of Vehumet
   562 | D        | Learned a level 3 spell: Static Discharge
   567 | D        | Learned a level 2 spell: Swiftness
   581 | D        | Got the +2 rapier of Orhaata {flame, rN++ MR- Str+4}
   617 | D        | Noticed a hippogriff
   617 | D        | Noticed a hippogriff
   617 | D        | Noticed a hippogriff
   628 | D        | Reached XP level 5. HP: 37/38 MP: 7/13
   629 | D        | Reached skill level 6 in Spellcasting
   629 | D        | Reached * piety under Vehumet
   629 | D        | Offered knowledge of Sting by Vehumet.
   915 | D        | Learned a level 5 spell: Lightning Bolt
   920 | D        | Learned a level 4 spell: Airstrike
   923 | D        | Killed a hippogriff
   923 | D        | Reached skill level 8 in Spellcasting
   923 | D        | Reached XP level 6. HP: 31/45 MP: 1/17
  1018 | D        | Killed a hippogriff
  1018 | D        | Reached skill level 9 in Spellcasting
  1018 | D        | Your scales start taking on a lurid green colour.
  1018 | D        | Reached XP level 7. HP: 50/50 MP: 5/19
  1018 | D        | Gained mutation: Your system is resistant to poisons.
                  | (rPois) [Green Draconian growth]
  1133 | D        | Killed a hippogriff
  1133 | D        | Reached ** piety under Vehumet
  1133 | D        | Offered knowledge of Throw Flame by Vehumet.
  1133 | D        | Reached skill level 10 in Spellcasting
  1137 | D        | Learned a level 2 spell: Throw Flame
  1269 | D        | Noticed a white ugly thing
  1269 | D        | Noticed a hippogriff
  1269 | D        | Noticed a tengu warrior
  1270 | D        | Reached skill level 1 in Fire Magic
  1272 | D        | Killed a hippogriff
  1272 | D        | Offered knowledge of Mephitic Cloud by Vehumet.
  1272 | D        | Reached XP level 8. HP: 57/57 MP: 1/22
  1272 | D        | Reached *** piety under Vehumet
  1278 | D        | Killed a white ugly thing
  1278 | D        | Reached skill level 11 in Spellcasting
  1278 | D        | Reached skill level 10 in Conjurations
  1280 | D        | Slain by a tengu warrior

Levels and vault maps discovered:
D:        linesprint [early_d, line_temple, items_1, d_10, items_2, lair_1,
          lair_end, items_3, orc_1, orc_end, items_4, d_15, swamp_1, shoals_1,
          snake_1, spider_1, d_20, vaults_1, items_5, swamp_end, shoals_end,
          snake_end, spider_end, vaults_end, d_27, items_6, zot_1, zot_end,
          crypt_end, forest_end, elf_end, slime_end, tomb_end, abyss_end,
          pan_hell_end]

Skill      XL: |  1  2  3  4  5  6  7  8 |
---------------+-------------------------+-----
Conjurations   | 2 3 5 7 8 9 10 | 10.7
Spellcasting   | 3 5 8 9 10 11 | 11.3
Air Magic      | 4 6 8 9 |  9.4
Fire Magic     | 2 4 |  4.0
Dodging        | |  1.7
Stealth        | |  1.7

Action                   |  1- 3 |  4- 6 |  7- 9 || total
-------------------------+-------+-------+-------++-------
Melee: Unarmed           |    11 |       |       ||    11
       Dagger            |     5 |     2 |       ||     7
 Cast: Shock             |     8 |     8 |     1 ||    17
       Airstrike         |       |     4 |     4 ||     8
       Swiftness         |       |     1 |       ||     1
       Lightning Bolt    |       |       |     7 ||     7
  Use: Potion            |     1 |       |     3 ||     4
  Eat: Chunk             |       |     1 |       ||     1
Armor: Skin              |     4 |     8 |     1 ||    13
Dodge: Dodged            |    10 |    11 |     4 ||    25
